 Dungeon Crawl Stone Soup version 0.24-a0-246-gb963c9a (webtiles) character file.

Game seed: 4833501332292793688

3556 MatthieuS the Fighter (level 10, -2/166 HPs)
             Began as an Ogre Berserker on Apr 12, 2019.
             Was an Elder of Trog.
             Slain by a wyvern (16 damage)
             ... on level 9 of the Dungeon.
             The game lasted 00:23:10 (8241 turns).

MatthieuS the Fighter (Ogre Berserker)              Turns: 8241, Time: 00:23:11

Health: -2/166     AC: 17    Str: 30    XL:     10   Next: 9%
Magic:  10/10      EV:  9    Int:  8    God:    Trog [****..]
Gold:   57         SH:  8    Dex:  9    Spells: 9/9 levels left

rFire    . . .     SeeInvis .   a - +0 flail (protect)
rCold    . . .     Gourm    .   T - +0 shield
rNeg     . . .     Faith    .   P - +2 robe of the Marlin {Regen+}
rPois    +         Spirit   .   R - +0 hat
rElec    .         Reflect  .   (no cloak)
rCorr    .         Harm     .   (gloves unavailable)
MR       +....                  (boots unavailable)
Stlth    ..........             M - amulet of magic regeneration
HPRegen  0.77/turn              n - +5 ring of protection
MPRegen  0.37/turn              y - ring of poison resistance

@: berserking (expiring), protection aura, very quick
A: large, unfitting armour, tough skin 1
a: Berserk, Trog's Hand, Brothers in Arms, Renounce Religion


You were on level 9 of the Dungeon.
You worshipped Trog.
Trog was greatly pleased with you.
You were not hungry.

You visited 2 branches of the dungeon, and saw 10 of its levels.

You collected 798 gold pieces.
You spent 741 gold pieces at shops.

Inventory:

Hand Weapons
 a - a +0 flail of protection (weapon)
   (You found it on level 5 of the Dungeon)
 q - a +0 morningstar
   (You took it off an orc on level 8 of the Dungeon)
 F - a +4 whip of freezing
   (You took it off an orc on level 4 of the Dungeon)
 G - a +1 mace of holy wrath
   (You found it on level 4 of the Dungeon)
Missiles
 B - 2 throwing nets (quivered) {!f}
Armour
 P - the +2 robe of the Marlin (worn) {Regen+}
   (You bought it in a shop on level 7 of the Dungeon)

   It increases your rate of regeneration.
 R - a +0 hat (worn)
   (You found it on level 8 of the Dungeon)
 T - a +0 shield (worn)
   (You found it on level 8 of the Dungeon)
Jewellery
 l - an uncursed ring of protection from magic
   (You found it on level 3 of the Dungeon)
 n - a +5 ring of protection (left hand)
   (You found it on level 2 of the Dungeon)
 y - a ring of poison resistance (right hand)
   (You took it off Blork the orc on level 4 of the Dungeon)
 M - an amulet of magic regeneration (around neck)
   (You found it on level 7 of the Dungeon)
 Q - a +3 ring of protection
   (You took it off an orc wizard on level 7 of the Dungeon)
Wands
 d - a wand of iceblast (29)
   (You took it off Pikel on level 4 of the Dungeon)
 g - a wand of polymorph (8)
   (You took it off an orc priest on level 7 of the Dungeon)
 o - a wand of clouds (13)
   (You found it on level 3 of the Dungeon)
 u - a wand of paralysis (24)
   (You found it on level 4 of the Dungeon)
 x - a wand of acid (18)
   (You found it on level 4 of the Dungeon)
Scrolls
 b - a scroll of identify {@r1}
 c - 4 scrolls of remove curse {@r2}
 f - a scroll of fear
 r - 3 scrolls of enchant armour
 s - 3 scrolls of enchant weapon
 t - 2 scrolls of immolation {!r}
 w - 3 scrolls of magic mapping
 A - a scroll of blinking
 I - 3 scrolls of fog
 O - 6 scrolls of teleportation {@r4}
Potions
 h - a potion of invisibility {unknown}
 i - 2 potions of degeneration {unknown}
 j - 8 potions of heal wounds {@q2}
 k - 2 potions of curing {unknown}
 m - 3 potions of brilliance {unknown}
 p - 3 potions of mutation {!q}
 v - a potion of might {unknown}
 z - 3 potions of flight {unknown}
 C - a potion of lignification {unknown}
 D - a potion of magic {unknown}
 H - 3 potions of haste {unknown}
 K - 3 potions of resistance
 N - 4 potions of cancellation {unknown}
 S - a potion of agility
Comestibles
 e - 12 rations


   Skills:
 + Level 10.6 Fighting
 * Level 10.3 Maces & Flails
 - Level 4.9 Dodging
 + Level 1.3 Shields


You had 9 spell levels left.
You didn't know any spells.
Your spell library contained the following spells:

 Spells                   Type           Power        Failure   Level  Hunger
 Magic Dart               Conj           #...         92%         1    ##.....
 Blink                    Tloc           N/A          98%         2    ###....
 Call Imp                 Summ           #.......     98%         2    ###....
 Slow                     Hex            #.......     98%         2    ###....
 Conjure Flame            Conj/Fire      #.......     100%        3    ####...
 Mephitic Cloud           Conj/Pois/Air  #.......     100%        3    ####...


Dungeon Overview and Level Annotations

Branches:
Dungeon (9/15)             Temple (1/1) D:7
   Lair: D:8-11         Orc: D:9-12

Altars:
Elyvilon
Fedhas
Hepliaklqana
Makhleb
Okawaru
Ru
Sif Muna
Trog
Uskayaw
Xom
Zin
Beogh

Shops:
D:7 !?*(   D:8 ?}*


Innate Abilities, Weirdness & Mutations

You are too large for most types of armour.
You have tough skin. (AC +1)


Message History

The howler monkey hoots and howls with incredible vigour!
The wyvern bites you. You block the howler monkey's attack.
You barely miss the wyvern. The wyvern barely misses you. The wyvern bites you.
You block the howler monkey's attack.
Your shield prevents you from hitting the wyvern.
The wyvern barely misses you. The howler monkey closely misses you.
You barely miss the wyvern. You block the wyvern's attack.
The howler monkey hits you.
* * * LOW HITPOINT WARNING * * *
The wyvern bites you but does no damage.
A red film seems to cover your vision as you go berserk!
You feel yourself moving faster!
You feel mighty!
You feel a lot more hungry.
The howler monkey hits you but does no damage.
The wyvern bites you!
* * * LOW HITPOINT WARNING * * *
You closely miss the howler monkey. You block the wyvern's attack.
The howler monkey barely misses you. The wyvern bites you.
* * * LOW HITPOINT WARNING * * *
You hit the howler monkey.
Your weapon exudes an aura of protection.
The howler monkey hits you but does no damage.
You block the wyvern's attack.
Unknown command.
You sock the wyvern! The howler monkey hits you.
* * * LOW HITPOINT WARNING * * *
The wyvern bites you!
* * * LOW HITPOINT WARNING * * *
You hit the wyvern but do no damage. The howler monkey barely misses you.
The wyvern bites you.
* * * LOW HITPOINT WARNING * * *
You barely miss the wyvern.
Unknown command.
You barely miss the wyvern. The wyvern bites you!
* * * LOW HITPOINT WARNING * * *
The howler monkey barely misses you. The wyvern bites you!
* * * LOW HITPOINT WARNING * * *
You completely miss the wyvern. You block the howler monkey's attack.
The wyvern bites you!
* * * LOW HITPOINT WARNING * * *
You closely miss the wyvern.
The howler monkey completely misses you.
The wyvern bites you!
* * * LOW HITPOINT WARNING * * *
Your shield prevents you from hitting the wyvern.
The howler monkey barely misses you. The wyvern bites you!
* * * LOW HITPOINT WARNING * * *
You hit the wyvern.
Unknown command.
You closely miss the wyvern. The wyvern bites you!
You die...

#.........#
#........##
#........##
#...(.....#
######....#
#...##...##
#....#...##
#.lh.#....#
#..@##...##
#...##...##
#.........#
#.........#
###########


You could see a wyvern and a howler monkey.

Vanquished Creatures
  Pikel (D:4)
  The ghost of enarc13 the Covert, a novice VSNe of Wu Jian (D:8)
  A hungry ghost (D:7)
  2 water moccasins (D:7)
  4 orc warriors
  2 black bears (D:8)
  An ice beast (D:6)
  An eye of draining (D:8)
  A crocodile (D:9)
  2 big kobolds
  Blork the orc (D:4)
  A bullfrog (D:6)
  5 killer bees (D:9)
  3 crimson imps
  A centaur zombie (D:8)
  A quasit (D:8)
  A bullfrog zombie (D:2)
  4 hounds
  2 orc priests (D:7)
  3 jellies (D:8)
  3 orc wizards
  A centaur skeleton (D:6)
  Jessica (D:3)
  An iguana (D:7)
  3 worker ants
  2 hound zombies
  2 worker ant zombies
  9 gnolls
  A howler monkey skeleton (D:4)
  5 adders
  10 oozes
  2 adder skeletons
  2 worms
  3 dart slugs
  2 leopard geckos
  19 orcs
  3 bats
  6 giant cockroaches
  10 hobgoblins
  15 jackals
  11 kobolds
  3 quokkas
  4 frilled lizards
  A giant cockroach zombie (D:5)
  12 goblins
  3 rats
172 creatures vanquished.

Vanquished Creatures (collateral kills)
  2 orc priests (D:8)
  2 orc wizards (D:7)
  10 orcs
14 creatures vanquished.

Vanquished Creatures (others)
  A phantom (D:4)
  Robin (D:4)
  A gnoll (D:4)
  4 goblins (D:4)
  3 hobgoblins (D:4)
10 creatures vanquished.

Grand Total: 196 creatures vanquished

Notes
Turn   | Place    | Note
-------+----------+-------------------------------------------
     0 | D:1      | MatthieuS the Ogre Berserker began the quest for the Orb.
     0 | D:1      | Reached XP level 1. HP: 24/24 MP: 1/1
   136 | D:1      | Reached XP level 2. HP: 32/32 MP: 2/2
   146 | D:1      | HP: 1/32 [gnoll/+0 flail (10)]
   638 | D:1      | Reached XP level 3. HP: 40/40 MP: 3/3
   761 | D:1      | Reached ** piety under Trog
  1024 | D:2      | Found a sacrificial altar of Ru.
  1229 | D:2      | Reached XP level 4. HP: 49/49 MP: 4/4
  1247 | D:2      | Found a deep blue altar of Sif Muna.
  1329 | D:2      | Reached skill level 5 in Fighting
  1610 | D:2      | Found a blossoming altar of Fedhas.
  2002 | D:3      | Noticed Jessica
  2017 | D:3      | Killed Jessica
  2017 | D:3      | Reached XP level 5. HP: 48/57 MP: 5/5
  2652 | D:3      | Reached *** piety under Trog
  3242 | D:4      | Reached skill level 5 in Maces & Flails
  3277 | D:4      | Noticed a slave
  3277 | D:4      | Noticed a phantom
  3278 | D:4      | Noticed Pikel
  3290 | D:4      | Noticed a slave
  3290 | D:4      | Noticed a slave
  3305 | D:4      | Killed Pikel
  3305 | D:4      | Reached XP level 6. HP: 57/71 MP: 6/6
  3305 | D:4      | Reached XP level 7. HP: 63/78 MP: 7/7
  3455 | D:4      | Found a hide-covered altar of Uskayaw.
  3506 | D:4      | Noticed Robin
  3528 | D:4      | Killed Robin
  3812 | D:4      | Noticed Blork the orc
  3820 | D:4      | Killed Blork the orc
  3897 | D:4      | Found an iron altar of Okawaru.
  4068 | D:5      | Entered Level 5 of the Dungeon
  4136 | D:5      | Reached XP level 8. HP: 87/88 MP: 8/8
  5533 | D:6      | Found a glowing silver altar of Zin.
  5924 | D:7      | Found Ewihym's Weapon Emporium.
  6013 | D:7      | Reached **** piety under Trog
  6199 | D:7      | Found Xageiq's General Store.
  6237 | D:7      | Reached XP level 9. HP: 29/98 MP: 9/9
  6273 | D:7      | Bought the +2 robe of the Marlin {Regen+} for 247 gold
                  | pieces
  6273 | D:7      | Bought 2 potions of heal wounds for 140 gold pieces
  6273 | D:7      | Bought a scroll of teleportation for 42 gold pieces
  6273 | D:7      | Bought 2 scrolls of identify for 56 gold pieces
  6426 | D:7      | Found a hazy altar of Hepliaklqana.
  6456 | D:7      | Found Dumneitt's Magic Scroll Shop.
  6459 | D:7      | Bought a scroll of identify for 24 gold pieces
  6675 | D:7      | Found Rehaona's Distillery.
  6699 | D:7      | Bought a potion of heal wounds for 60 gold pieces
  6778 | D:7      | Found a staircase to the Ecumenical Temple.
  6828 | Temple   | Entered the Ecumenical Temple
  6989 | D:8      | Found a white marble altar of Elyvilon.
  7089 | D:8      | Found Yskal's Magic Scroll Boutique.
  7099 | D:8      | Bought a scroll of identify for 24 gold pieces
  7099 | D:8      | Bought a scroll of identify for 24 gold pieces
  7099 | D:8      | Bought a scroll of identify for 24 gold pieces
  7139 | D:8      | Found a runed translucent gate.
  7140 | D:8      | Found a runed translucent gate.
  7141 | D:8      | Found a runed translucent gate.
  7144 | D:8      | Found a roughly hewn altar of Beogh.
  7146 | D:8      | Noticed enarc13's ghost (novice VSNe)
  7196 | D:8      | Killed enarc13's ghost
  7196 | D:8      | Reached skill level 10 in Fighting
  7359 | D:8      | Found Wostenydd's Gadget Shoppe.
  7407 | D:8      | Found Ulez's Assorted Antiques.
  7442 | D:8      | Bought a scroll of identify for 50 gold pieces
  7442 | D:8      | Bought a scroll labeled MODACO IFRI for 25 gold pieces
  7453 | D:8      | Bought a scroll labeled FOLLODEDAM for 25 gold pieces
  7707 | D:8      | Found a bloodstained altar of Trog.
  7752 | D:8      | Reached skill level 10 in Maces & Flails
  7848 | D:9      | Reached XP level 10. HP: 106/111 MP: 10/10
  7957 | D:9      | Reached skill level 1 in Shields
  8241 | D:9      | Slain by a wyvern

Levels and vault maps discovered:
D:1:      evilmike_arrival_rings, layout_basic
D:2:      layout_loops_corners, lemuel_blue_sif_altar, old_standard_altar,
          fedhas_altar_4
D:3:      layout_basic, minmay_misc_feat_plants, uniq_jessica
D:4:      layout_loops_ring, okawaru_ov_weapons_minmay, lemuel_crystal_altar,
          uniq_pikel, uniq_robin, uniq_blork_the_orc
D:5:      layout_basic, first_ration
D:6:      layout_basic, marbit_many_paths
D:7:      layout_basic, lemuel_doored_altar, minmay_temple_entry_statues,
          serial_shops, nicolae_shop_waterfront, shop, shop,
          nicolae_shop_behind_doors
D:8:      layout_loops_ring, elyvilon_altar_3, lightli_temple_of_fire,
          serial_shops, nicolae_shop_crystal, nicolae_shop_trees, shop,
          biasface_ghost_orc_armoury, hangedman_little_slice_of_home
D:9:      layout_gridville, overflow_temple_1_default
Temple:   nicolae_temple_hex_pool

Skill      XL: |  1  2  3  4  5  6  7  8  9 10 |
---------------+-------------------------------+-----
Maces & Flails | 3 4 6 7 8 10 | 10.3
Fighting       | 5 7 9 10 | 10.6
Dodging        | 3 4 |  4.9
Shields        | 1 |  1.3

Action                   |  1- 3 |  4- 6 |  7- 9 | 10-12 || total
-------------------------+-------+-------+-------+-------++-------
Melee: Mace              |    15 |       |    20 |       ||    35
       Flail             |    52 |   130 |   444 |    62 ||   688
       Unarmed           |       |       |    15 |       ||    15
Invok: Berserk           |     1 |     1 |     5 |     1 ||     8
       Trog's Hand       |       |     1 |     1 |       ||     2
       Brothers in Arms  |       |       |     2 |       ||     2
Evoke: Wand              |       |       |       |     1 ||     1
  Use: Scroll            |       |       |    18 |       ||    18
       Potion            |       |       |     1 |       ||     1
 Stab: Sleeping          |     1 |     1 |     1 |       ||     3
  Eat: Chunk             |     2 |     6 |    13 |       ||    21
       Ration            |       |     1 |     3 |       ||     4
Armor: Animal skin       |     9 |    53 |   108 |       ||   170
       Robe              |       |       |   123 |    30 ||   153
Dodge: Dodged            |    40 |    73 |   279 |    28 ||   420
Block: Shield            |       |       |    16 |    29 ||    45

Table legend:
 A = Non-vault XP
 B = Vault XP
 C = Vault XP percentage of total XP
 D = Non-vault monster count
 E = Vault monster count
 F = Vault count percentage of total count
                 A         B        C        D         E       F
            +---------+---------+-------+---------+---------+-------
      Total |    3341 |    1740 |  34.2 |     158 |      28 |  15.1
            +---------+---------+-------+---------+---------+-------
        D:1 |      60 |       0 |   0.0 |      20 |       0 |   0.0
        D:2 |      83 |       0 |   0.0 |      17 |       0 |   0.0
        D:3 |      75 |      37 |  33.0 |      22 |       1 |   4.3
        D:4 |     102 |     728 |  87.7 |      14 |       6 |  30.0
        D:5 |     194 |       0 |   0.0 |      14 |       0 |   0.0
        D:6 |     326 |     133 |  29.0 |      11 |       1 |   8.3
        D:7 |    1260 |       0 |   0.0 |      33 |       0 |   0.0
        D:8 |     689 |     842 |  55.0 |      14 |      20 |  58.8
        D:9 |     552 |       0 |   0.0 |      13 |       0 |   0.0
            +---------+---------+-------+---------+---------+-------
